cohdb
Replays
Latest Replays
All Replays
Popular Replays
Top Player Replays
Match Explorer
How It Works
Community
CoH3 Stats
Reddit
Sign in to upload your games and track your stats! →
Sign in with Steam
Match 41871339
Unlisted
Match 41871339
Overview
Messages
Build Orders
End
Construct Barracks
Selects Special Operations Battlegroup
Selects M29 Weasel Recon Vehicle
M29 Weasel Recon Vehicle
Riflemen Squad
Riflemen Squad
Mechanized Support Center
M1 Mortar Team
Riflemen Squad
Construct Weapon Support Center
Construct Medical Station
M3 Armored Personnel Carrier
Selects Raiding Flares
Selects SSF Commando Squad
Bazooka Squad
Designate Forward Repair Station
Selects Air Re-supply Operation
Air Re-Supply Operation
Construct Tank Depot
Air Re-Supply Operation
M4A1 Sherman Medium Tank
M4A1 Sherman Medium Tank
Improvised Armor
M4A1 76mm Conversion
Riflemen Squad
Engineer Squad
Air Re-Supply Operation
Selects P-47 Anti-Infantry Loiter
M4A1(76) Sherman Medium Tank
Selects UNKNOWN (2162291)
M18 Hellcat Tank Destroyer
Microsoft Outlook
deadsadbadmad
Maddino lo Specialista
Baionetto
0
0
Comments
sign in to comment!
No comments posted yet!